 Seeded DCSS version 0.29.1-12-g30fa7ad0bf (webtiles) character file.

Game seed: 20230106 (custom seed)

88 stormannn the Caller (level 4, 0/30 HPs)
             Began as a Mummy Summoner on Jan 6, 2023.
             Slain by a gnoll
             ... wielding a +0 mace
              (5 damage)
             ... on level 2 of the Dungeon.
             The game lasted 00:12:07 (2906 turns).

stormannn the Caller (Mummy Summoner)               Turns: 2906, Time: 00:12:08

Health: 0/30       AC:  3    Str: 11    XL:     4   Next: 30%
Magic:  1/9        EV: 12    Int: 16    God:
Gold:   79         SH:  0    Dex: 12    Spells: 7/10 levels left

rFire   x . .      SeeInvis .   g - +0 whip
rCold   + . .      Faith    .   (no shield)
rNeg    + + +      Spirit   .   a - +0 robe
rPois   ∞          Reflect  .   (no helmet)
rElec   .          Harm     .   (no cloak)
rCorr   .          Rampage  .   f - +0 pair of gloves
Will    .....                   (no boots)
Stlth   ++........              (no amulet)
HPRegen 0.10/turn               h - ring of ice
MPRegen 0.11/turn               i - ring of fire

@: no status effects
A: cold resistance 1, negative energy resistance 3, torment resistance 2, heat
vulnerability 1, in touch with death 1, no potions
a: no special abilities


You were on level 2 of the Dungeon.
You visited 1 branch of the dungeon, and saw 2 of its levels.

You collected 79 gold pieces.

Inventory:

Hand Weapons
 g - a +0 whip (weapon)
Missiles
 b - 35 stones
 d - 6 silver javelins
 j - 3 poisoned darts
Armour
 a - a +0 robe (worn)
 f - a +0 pair of gloves (worn)
Jewellery
 h - a ring of ice (left hand)
 i - a ring of fire (right hand)
 m - a +6 ring of intelligence
Scrolls
 c - a scroll of summoning {unknown}
 e - 2 scrolls of blinking {unknown}
 k - 2 scrolls of teleportation {unknown}
 l - a scroll of magic mapping {unknown}
 n - a scroll of poison {unknown}


   Skills:
 - Level 1.5 Dodging
 - Level 1.5 Stealth
 + Level 3.9 Spellcasting
 * Level 4.4 Summonings


You had 7 spell levels left.
You knew the following spells:

 Your Spells              Type           Power      Damage    Failure   Level
a - Summon Small Mammal   Summ           68%        N/A       2%          1
b - Call Imp              Summ           17%        N/A       4%          2

Your spell library contained the following spells:

 Spells                   Type           Power      Damage    Failure   Level
 Call Canine Familiar     Summ           17%        N/A       9%          3
 Summon Guardian Golem    Hex/Summ       10%        N/A       21%         3
 Ensorcelled Hibernation  Hex/Ice        8%         N/A       26%         2
 Passwall                 Tmut/Erth      2%         N/A       26%         2
 Swiftness                Air            3%         N/A       45%         3
 Summon Lightning Spire   Summ/Air       10%        N/A       56%         4


Dungeon Overview and Level Annotations

Branches:
Dungeon (2/15)

Altars:

Shops:
D:1 (


Innate Abilities, Weirdness & Mutations

You are immune to poison.
Your flesh is cold resistant. (rC+)
You are immune to negative energy. (rN+++)
You are immune to unholy pain and torment.
You are vulnerable to heat. (rF-)
You are in touch with the powers of death.
You do not drink.


Message History

You swap places.
Casting: Summon Small Mammal (safe; 2% risk of failure)
Confirm with . or Enter, or press ? or * to list all spells.
The gnoll closely misses your quokka.
Your quokka misses the gnoll.
Your quokka bites the gnoll.
The gnoll closely misses your quokka.
Your quokka bites the gnoll.
The gnoll hits your quokka with a +0 mace.
Your quokka dies!
Your quokka's corpse disappears in a puff of smoke!
Your bat barely misses the gnoll.
Your bat hits the gnoll but does no damage.
The gnoll hits your bat with a +0 mace.
Your bat dies!
Your bat's corpse disappears in a puff of smoke!
Casting: Summon Small Mammal (safe; 2% risk of failure)
Confirm with . or Enter, or press ? or * to list all spells.
A beastly little devil appears in a puff of flame.
Your crimson imp blinks!
Your crimson imp blinks!
Casting: Call Imp (safe; 4% risk of failure)
Confirm with . or Enter, or press ? or * to list all spells.
A beastly little devil appears in a puff of flame.
The gnoll attacks as you move away! The gnoll barely misses you.
The gnoll attacks as you move away! The gnoll hits you with a +0 mace.
The gnoll attacks as you move away! The gnoll completely misses you.
You see here a +0 short sword.
The gnoll attacks as you move away! The gnoll hits you with a +0 mace!
You barely miss the gnoll.
The gnoll is moderately wounded.
The gnoll hits you with a +0 mace.
Your crimson imp hits the gnoll but does no damage.
Casting: Call Imp (safe; 4% risk of failure)
Confirm with . or Enter, or press ? or * to list all spells.
The gnoll hits you with a +0 mace!
* * * LOW HITPOINT WARNING * * *
Your crimson imp barely misses the gnoll.
You hit the gnoll.
The gnoll is severely wounded.
The gnoll hits you with a +0 mace.
You die...

# #.###.# #.# # #.#...#.#
#.# #.#.###.#># ###.###
#.........# #.....#
#......5..# ##.###.#
##..##.#.## ####..# #.#
###....###5###.....###)#.
+........#gr............'.
####.....@.####......#.##.
##..##### #..##.##.# ##.
#..#####.# #. #..# #.# #.
#... ..# #. ##.#. ..# #.#.
#.# ...


You could see a gnoll (ally target), a friendly crimson imp (summoned) and a
friendly quokka (summoned).

Vanquished Creatures
  A hobgoblin (D:1)
  A jackal (D:1)
  A quokka (D:1)
  4 bats (D:1)
  A frilled lizard (D:1)
8 creatures vanquished.

Vanquished Creatures (collateral kills)
  3 gnolls (D:2)
  2 adders (D:2)
  2 worms (D:2)
  3 ball pythons
  An endoplasm (D:1)
  5 goblins
  3 hobgoblins
  A jackal (D:1)
  3 kobolds
  A quokka (D:2)
  A bat (D:1)
  3 rats (D:1)
28 creatures vanquished.

Grand Total: 36 creatures vanquished

Notes
Turn   | Place    | Note
-------+----------+-------------------------------------------
     0 | D:1      | stormannn the Mummy Summoner began the quest for the Orb.
     0 | D:1      | Reached XP level 1. HP: 13/13 MP: 4/4
   761 | D:1      | Reached XP level 2. HP: 13/19 MP: 3/6
  1399 | D:1      | Found Yppos's Weapon Shop.
  1894 | D:1      | Learned a level 2 spell: Call Imp
  1942 | D:2      | Gained mutation: You are in touch with the powers of death.
                  | [Mummy growth]
  1942 | D:2      | Reached XP level 3. HP: 24/24 MP: 2/7
  2056 | D:2      | Reached skill level 4 in Summonings
  2067 | D:2      | Found a faded altar of an unknown god.
  2737 | D:2      | Reached XP level 4. HP: 25/30 MP: 5/9
  2906 | D:2      | Slain by a gnoll

Illustrated notes

Levels and vault maps discovered:
D:1:      dpeg_arrival_stone_temple_mockup, layout_basic, serial_shops,
          nicolae_shop_statue_plus, corner_web_ring, minmay_pentomino_t2
D:2:      layout_loops_corners, hellmonk_ecumenical_altar_pennies_from_heaven

Skill      XL: |  1  2  3 |
---------------+----------+-----
Spellcasting   | 3 |  3.9
Summonings     | 4 |  4.4
Dodging        | |  1.5
Stealth        | |  1.5

Action                   |  1- 3 |  4- 6 || total
-------------------------+-------+-------++-------
Melee: Unarmed           |    11 |       ||    11
       Whip              |    30 |     2 ||    32
 Cast: Summon Small Mamm |    49 |     7 ||    56
       Call Imp          |    11 |     7 ||    18
Armor: Robe              |    14 |       ||    14
Dodge: Dodged            |    51 |     3 ||    54
